AoeStats
← CodyTheSec

MegaRandom

504420807Analyzed
2v2 RM · 26d ago on Sep 5, 2026· 27m 3s· 4 players
Game mode
Random Map
Map size
Medium (4 player)
Population
200
Speed
Normal
Resources
Standard
Victory
Conquest
Starting age
Dark Age
Ending age
Imperial Age
RankedLock teamsTeams togetherTeam positionsShared explorationLock speedFull tech treeHidden civsTurbo modeCheats
Victory
Defeat
🇹🇭 Huns · Thailand
881
+13
🇹🇭 Japanese · Thailand
762
+17
🇫🇷 Vikings · France
818
-16
🇲🇽 Bulgarians · Mexico
781
-14
x311219
8:31 Loom
11:28 Feudal Age
12:42 Horse Collar
18:01 Gold Mining
18:01 Stone Mining
20:57 Castle Age
21:05 Castle Age
18:36 Man-at-Arms
19:02 Arson
24:54 Gold Shaft Mining
24:07 Double-Bit Axe
27:26 Imperial Age
25:02 Squires
24:48 Gambesons
24:23 Long Swordsman
25:08 Pikeman
27:31 Chieftains
aj.jr
0:53 Loom
11:13 Feudal Age
12:37 Double-Bit Axe
18:13 Town Watch
21:38 Castle Age
20:30 Stone Mining
20:32 Gold Mining
21:20 Wheelbarrow
24:54 Murder Holes
Zozimbo
0:33 Loom
13:10 Feudal Age
15:27 Scale Barding Armor
18:30 Castle Age
24:16 Husbandry
29:31 Imperial Age
27:24 Chain Barding Armor
27:04 Scale Mail Armor
27:14 Forging
CodyTheSec
4:59 Loom
13:57 Feudal Age
15:34 Wheelbarrow
14:49 Double-Bit Axe
14:57 Gold Mining
14:33 Man-at-Arms
19:00 Castle Age
16:58 Arson
18:35 Horse Collar
19:17 Long Swordsman
20:05 Squires
19:51 Gambesons
20:34 Forging
20:24 Scale Mail Armor
20:37 Forging
21:54 Chain Mail Armor
25:49 Iron Casting
29:57 Imperial Age
Connection lost

Rejoining the realm…

Still unreachable

The connection could not be restored.

Session expired

The server has moved on; the page needs a fresh start.